 Dungeon Crawl Stone Soup version 0.24.1-11-gbbbb2193e6 (webtiles) character file.

Game seed: 814972662800834510, levelgen mode: deterministic

3572 Mrkan the Grappler (level 9, -3/93 HPs)
             Began as a Troll Fighter on May 14, 2020.
             Was a Priest of Makhleb.
             Slain by a killer bee (8 damage)
             ... on level 7 of the Dungeon.
             The game lasted 00:14:57 (6108 turns).

Mrkan the Grappler (Troll Fighter)                  Turns: 6108, Time: 00:14:57

Health: -3/93      AC:  6    Str: 31    XL:     9   Next: 84%
Magic:  8/8        EV:  9    Int:  7    God:    Makhleb [***...]
Gold:   369        SH: 10    Dex:  9    Spells: 8/8 levels left

rFire    . . .     SeeInvis .     - Unarmed
rCold    . . .     Gourm    +   b - +0 shield
rNeg     . . .     Faith    .   a - +0 robe
rPois    .         Spirit   .   (helmet restricted)
rElec    .         Reflect  .   (no cloak)
rCorr    .         Harm     .   (gloves unavailable)
MR       .....                  (boots unavailable)
Stlth    +.........             (no amulet)
HPRegen  0.65/turn              (no ring)
MPRegen  0.11/turn              (no ring)

@: mighty, lethally poisoned (-3 -> -3)
A: large, unfitting armour, claws 3, fast metabolism 3, gourmand, regeneration
1, shaggy fur 1, tough skin 3
a: Minor Destruction, Lesser Servant of Makhleb, Renounce Religion


You were on level 7 of the Dungeon.
You worshipped Makhleb.
Makhleb was most pleased with you.
You were full.

You visited 1 branch of the dungeon, and saw 8 of its levels.

You collected 369 gold pieces.

Inventory:

Missiles
 h - 135 stones
 i - 5 javelins (quivered)
Armour
 a - a +0 robe (worn)
 b - a +0 shield (worn)
Jewellery
 g - an uncursed amulet of the acrobat {unknown}
 u - an uncursed ring of protection from magic {unknown}
 x - an uncursed ring of see invisible {unknown}
Wands
 B - a wand of acid (8)
Scrolls
 e - 2 scrolls of enchant armour {unknown}
 f - 3 scrolls of immolation {unknown}
 k - 5 scrolls of enchant weapon {unknown}
 m - 9 scrolls of identify {unknown}
 n - 2 scrolls of blinking {unknown}
 t - 2 scrolls of teleportation {unknown}
 v - 3 scrolls of magic mapping {unknown}
 w - a scroll of random uselessness {unknown}
 y - 2 scrolls of amnesia {unknown}
 z - a scroll of noise {unknown}
 A - 2 scrolls of remove curse {unknown}
Potions
 c - a potion of might
 j - a potion of curing
 l - 2 potions of agility {unknown}
 o - a potion of brilliance {unknown}
 p - 2 potions of haste {unknown}
 q - a potion of cancellation {unknown}
 r - a potion of degeneration {unknown}
 s - a potion of invisibility {unknown}
Comestibles
 d - 15 rations


   Skills:
 + Level 7.2 Fighting
 - Level 2.4 Dodging
 * Level 5.5 Shields
 - Level 10.1 Unarmed Combat


You had 8 spell levels left.
You didn't know any spells.
Your spell library was empty.

Dungeon Overview and Level Annotations

Branches:
Dungeon (8/15)             Temple (0/1) D:4
   Lair: D:8-11

Altars:
Ashenzari
Cheibriados
Elyvilon
Gozag
Makhleb
Okawaru
Uskayaw
Zin

Shops:
D:5 *


Innate Abilities, Weirdness & Mutations

You are too large for most types of armour.
You have claws for hands.
Your metabolism is lightning-fast.
You like to eat raw meat.
Your natural rate of healing is unusually fast.
You are covered in fur. (AC +1)
You have extremely tough skin. (AC +3)


Message History

The killer bee is heavily wounded.
You block the killer bee's attack.
You eviscerate the killer bee!!!
You kill the killer bee!
Makhleb accepts your kill.
You feel better.
You closely miss the killer bee. You block the killer bee's attack.
The killer bee barely misses you.
You barely miss the killer bee. You block the killer bee's attack.
The killer bee stings you.
* * * LOW HITPOINT WARNING * * *
You miss the killer bee. The killer bee misses you. The killer bee stings you.
* * * LOW HITPOINT WARNING * * *
You are poisoned.
The killer bee poisons you!
You barely miss the killer bee.
You feel sick. You block the killer bee's attack.
Your shield prevents you from hitting the killer bee.
The killer bee barely misses you. The killer bee stings you!
You die...

#........# #..#
#........# ##.#
#........# #>#
########.# #†# #.#
#.# ####### #.#
#.# ......# #.#
#.# ).....###'###
#y#
............####@#
####........'[...#
#........######
#........#
#........#
#........#
#........#
#........#
#........#


You could see a killer bee.

Vanquished Creatures
  Grinder (D:3)
  Prince Ribbit (D:6)
  Sigmund (D:4)
  Eustachio (D:6)
  Edmund (D:4)
  2 orc warriors
  3 ice beasts
  2 centaurs
  A black bear (D:7)
  3 ogres
  3 bullfrogs
  3 killer bees (D:7)
  A howler monkey (D:7)
  4 wights (D:7)
  10 crimson imps
  2 hounds
  A bullfrog skeleton (D:4)
  3 orc priests
  5 iguanas
  6 orc wizards
  Terence (D:2)
  6 worker ants
  A worker ant zombie (D:7)
  2 river rats (D:6)
  10 adders
  A shadow imp (D:7)
  2 adder skeletons
  5 worms
  2 dart slugs
  3 leopard geckos
  34 orcs
  6 giant cockroaches
  9 goblins
  13 hobgoblins
  4 jackals
  2 quokkas
  2 ball pythons
  10 bats
  4 frilled lizards
  A jackal skeleton (D:7)
  8 kobolds
  9 rats
189 creatures vanquished.

Notes
Turn   | Place    | Note
-------+----------+-------------------------------------------
     0 | D:1      | Mrkan the Troll Fighter began the quest for the Orb.
     0 | D:1      | Reached XP level 1. HP: 22/22 MP: 0/0
   189 | D:1      | Reached XP level 2. HP: 29/29 MP: 1/1
   520 | D:2      | Reached skill level 3 in Unarmed Combat
   520 | D:2      | Reached XP level 3. HP: 29/36 MP: 2/2
   774 | D:2      | Noticed Terence
   778 | D:2      | Killed Terence
   778 | D:2      | Reached XP level 4. HP: 45/45 MP: 3/3
   962 | D:2      | Reached skill level 4 in Unarmed Combat
  1066 | D:3      | Found a glowing silver altar of Zin.
  1066 | D:3      | Found a burning altar of Makhleb.
  1067 | D:3      | Noticed a green death
  1067 | D:3      | Noticed an angel
  1095 | D:3      | Became a worshipper of Makhleb the Destroyer
  1235 | D:3      | Noticed Grinder
  1254 | D:2      | Found a shattered altar of Ashenzari.
  1264 | D:2      | Reached XP level 5. HP: 23/53 MP: 4/4
  1662 | D:3      | Killed Grinder
  1662 | D:3      | Reached skill level 5 in Unarmed Combat
  1662 | D:3      | Reached XP level 6. HP: 44/62 MP: 5/5
  1918 | D:3      | Reached skill level 6 in Unarmed Combat
  1962 | D:3      | Reached * piety under Makhleb
  2219 | D:3      | Found an iron altar of Okawaru.
  2416 | D:4      | Found a staircase to the Ecumenical Temple.
  2421 | D:4      | Reached XP level 7. HP: 70/70 MP: 6/6
  2443 | D:4      | Found a hide-covered altar of Uskayaw.
  2713 | D:4      | Noticed Sigmund
  2725 | D:4      | Killed Sigmund
  2725 | D:4      | Reached skill level 7 in Unarmed Combat
  3162 | D:4      | Found an opulent altar of Gozag.
  3283 | D:4      | Noticed Edmund
  3291 | D:4      | Killed Edmund
  3291 | D:4      | Reached ** piety under Makhleb
  3291 | D:4      | Reached skill level 5 in Fighting
  3291 | D:4      | Reached skill level 8 in Unarmed Combat
  3291 | D:4      | Reached XP level 8. HP: 64/80 MP: 7/7
  3355 | D:5      | Entered Level 5 of the Dungeon
  3374 | D:5      | Found a snail-covered altar of Cheibriados.
  3543 | D:5      | Found Ygaamoeh's General Store.
  3559 | D:5      | Found a white marble altar of Elyvilon.
  3879 | D:6      | Found an opulent altar of Gozag.
  3879 | D:6      | Noticed Eustachio
  3915 | D:6      | Reached skill level 9 in Unarmed Combat
  3940 | D:6      | Killed Eustachio
  3997 | D:6      | Noticed Prince Ribbit
  4365 | D:6      | Killed Prince Ribbit
  4365 | D:6      | Reached XP level 9. HP: 45/89 MP: 8/8
  4530 | D:6      | Reached skill level 10 in Unarmed Combat
  5688 | D:7      | Reached *** piety under Makhleb
  5932 | D:7      | Reached skill level 5 in Shields
  6095 | D:7      | HP: 3/93 [killer bee (5)]
  6108 | D:7      | Slain by a killer bee

Levels and vault maps discovered:
D:1:      tarquinn_simple_flora_water_a, layout_basic
D:2:      layout_basic, ashenzari_altar_1, minmay_quantized, uniq_terence
D:3:      minmay_door_path, layout_basic,
          grunt_temple_overflow_order_and_chaos_2, kennysheep_okawaru_gauntlet,
          bh_walls_and_bars, uniq_grinder
D:4:      layout_loops_ring, kennysheep_mini_moat,
          lemuel_coloured_pillars_altar, minmay_temple_entry_statues,
          sigmund_edmund_badplayer
D:5:      layout_basic, elyvilon_altar_4, kennysheep_slug_shrine, serial_shops,
          shop, serial_glass, glass_columns_a, glass_columns_b, glass_columns_a,
          glass_columns_c, first_ration
D:6:      layout_loops_ring, basic_altar, portal_sewer_entry_e,
          uniq_prince_ribbit1, uniq_edmund, uniq_eustachio
D:7:      layout_basic, minmay_nine_imps
D:8:      layout_rooms, nicolae_qazlal_style_of_elements,
          nicolae_dithmenos_shadow_blocks, bloody_trog, david_nohive_1

Skill      XL: |  1  2  3  4  5  6  7  8  9 |
---------------+----------------------------+-----
Unarmed Combat | 3 4 5 6 8 9 10 | 10.1
Fighting       | 3 4 5 6 7 |  7.2
Shields        | 5 |  5.5
Dodging        | |  2.4

Action                   |  1- 3 |  4- 6 |  7- 9 || total
-------------------------+-------+-------+-------++-------
Melee: Unarmed           |    76 |   184 |   402 ||   662
  Use: Potion            |       |       |     5 ||     5
 Stab: Sleeping          |     1 |       |       ||     1
  Eat: Chunk             |    11 |    17 |    30 ||    58
Armor: Robe              |    36 |   106 |   107 ||   249
Dodge: Dodged            |    21 |    79 |   144 ||   244
Block: Shield            |    37 |   117 |   180 ||   334
